 Dungeon Crawl Stone Soup version 0.32-a0-411-g744942f433 (webtiles) character file.

Game seed: 14164755046149197476

16 Bravepunisher the Ducker (level 2, -3/16 HPs)
             Began as a Spriggan Monk on Feb 21, 2024.
             Killed from afar by an orc wizard (9 damage)
             ... with a magic dart
             ... on level 4 of the Dungeon.
             The game lasted 00:02:09 (432 turns).

Bravepunisher the Ducker (Spriggan Monk)             Turns: 432, Time: 00:02:09

Health: -3/16      AC:  2    Str:  7    XL:     2   Next: 37%
Magic:  3/3        EV: 20    Int: 11    God:
Gold:   24         SH:  0    Dex: 20    Spells: 1/1 levels left

rFire   . . .        a - +0 short sword
rCold   + . .        (no shield)
rNeg    . . .        d - +0 robe of the Exiled Blessings {rElec Dex+3 Slay+2}
rPois   .            (helmet restricted)
rElec   +            (no cloak)
rCorr   .            (gloves unavailable)
SInv    +            (boots unavailable)
Will    .....        (no amulet)
Stlth   ++           g - ring of protection from cold
HPRegen 0.22/turn    (no ring)
MPRegen 0.08/turn

%: no passive effects
@: very quick
A: very small, no large weapons, unfitting armour, see invisible, speed 3
a: Convert to Beogh


You were on level 4 of the Dungeon.
You visited 1 branch of the dungeon, and saw 4 of its levels.

You collected 24 gold pieces.

Inventory:

Hand Weapons
 a - a +0 short sword (weapon)
Armour
 b - a +0 robe
 d - the +0 robe of the Exiled Blessings (worn) {rElec Dex+3 Slay+2}
   (You found it on level 2 of the Dungeon)

   Dex+3:     It affects your dexterity (+3).
   Slay+2:    It affects your accuracy & damage with ranged weapons and melee
   (+2).
   rElec:     It insulates you from electricity.
Jewellery
 g - a ring of protection from cold (left hand)
Scrolls
 f - a scroll of fear {unknown}
Potions
 c - a potion of ambrosia
 e - a potion of magic {unknown}
 h - a potion of cancellation {unknown}


   Skills:
 + Level 2.6 Fighting
 - Level 3.2 Short Blades
 * Level 4.7 Dodging


You had one spell level left.
You didn't know any spells.
Your spell library was empty.

Dungeon Overview and Level Annotations

Branches:
Dungeon (4/15)
 Temple: D:4-7

Altars:


Innate Abilities, Weirdness & Mutations

You are very small and have problems with some larger weapons.
You are too small for most types of armour.
You have supernaturally acute eyesight. (SInv)
You cover ground extremely quickly. (Speed+++)


Message History

An orc comes into view. It is wielding a +0 whip.
The orc shouts!
You hear a shout!
The ball python bites you. The ball python closely misses you.
An orc comes into view. It is wielding a +0 falchion.
An orc priest comes into view. It is wielding a +0 hand axe.
The orc shouts!
An orc comes into view. It is wielding a +0 flail.
The ball python attacks as it pursues you!
The ball python barely misses you. The ball python completely misses you.
You barely miss the orc priest.
The orc priest hits you with a +0 hand axe.
The orc misses you.
An orc comes into view. It is wielding a +0 dagger.
The orc priest misses you.
An orc priest and a quokka come into view.
The orc shouts!
The orc priest shouts!
An orc wizard comes into view. It is wielding a +0 dagger.
The orc wizard shouts!
The orc misses you.
An orc wizard comes into view. It is wielding a +0 dagger.
The quokka misses you.
The orc wizard mumbles some strange words.
The orc wizard flickers and vanishes for a moment.
The quokka completely misses you.
The orc priest begins to cast a cantrip, but forgets the words!
The iguana hisses menacingly.
The quokka twitches its whiskers.
The quokka twitches its whiskers.
There is an open door here.
h - a bubbling white potion You now have 24 gold pieces (gained 8).
The orc wizard casts a spell at you. The puff of flame hits you!
Ouch! That really hurt!
The orc priest shouts, "The Pantheon deserves no one's loyalty.
Let us show you the true path!" (press Y on the ability menu to convert to Beogh)
The orc wizard points at you and mumbles some strange words.
The magic dart hits you!
Ouch! That really hurt!
You die...

#.....o.......####.# ' #
#S####..O.....####.##.o..
##'####...............o....
...o..####oo.....##.#......
......# #.o........#.#.###
#.# ......####.S..........#
# #.#
.................######.
#.#
............o...........###
#.# ##'###..........@####
#....###.## #.#
#.!......#### #|.........
#.# ########## #......†...
#.# ##.......... #.
............ .# #+
######'#### .# #.## ##.# #
##.# #..##+##..# #
########..# #....#....# #


You could see an ogre, 2 orc priests, 2 orc wizards and a ball python.

Vanquished Creatures
  An adder (D:4)
  A dart slug (D:4)
  An orc (D:4)
3 creatures vanquished.

Notes
Turn   | Place    | Note
-------+----------+-------------------------------------------
     0 | D:1      | Bravepunisher the Spriggan Monk began the quest for the
                  | Orb.
     0 | D:1      | Reached XP level 1. HP: 11/11 MP: 2/2
    96 | D:2      | Identified the +0 robe of the Exiled Blessings {rElec Dex+3
                  | Slay+2}
   252 | D:4      | Reached XP level 2. HP: 10/16 MP: 3/3
   272 | D:4      | Noticed a black bear
   272 | D:4      | Noticed a bombardier beetle
   346 | D:4      | Noticed an ogre
   432 | D:4      | Killed from afar by an orc wizard

Illustrated notes

Levels and vault maps discovered:
D:1:      dpeg_arrival_central, layout_basic
D:2:      layout_basic, basic_altar
D:3:      layout_basic, shapermc_ecumenical_altar_acropolis,
          minmay_three_crescents
D:4:      layout_basic, minmay_pentangle

Action                     || total
---------------------------++-------
  Melee: Short sword       ||    19
 Armour: Robe              ||    20
  Dodge: Dodged            ||    42

Table legend: (Time is in decaauts)
 A = Elapsed time spent in this place.
 B = Non-inter-level travel time spent in this place.
 C = Inter-level travel time spent in this place.
 D = Time resting spent in this place.
 E = Time spent auto-exploring this place.
 F = Levels seen in this place.
 G = Mean time per level.
                   A        B        C        D        E       F      G
               +--------+--------+--------+--------+--------+-----+--------+
         Total |    298 |    298 |      0 |     35 |     58 |   4 |   74.5 |
       Dungeon |    298 |    298 |      0 |     35 |     58 |   4 |   74.5 |
               +--------+--------+--------+--------+--------+-----+--------+

Top non-repeatable levels by time:
     D:4: 199 daAuts
     D:2: 77 daAuts
     D:1: 17 daAuts
     D:3: 4 daAuts
